 Dungeon Crawl Stone Soup version 0.26-a0-450-ge645bd13c1 (webtiles) character file.

Game seed: 5514973528178962307

(classic levelgen) 4 EnegeticOcto the Sneak (level 1, 0/16 HPs)
             Began as a Mummy Delver on July 27, 2020.
             Was an Initiate of Hepliaklqana.
             Slain by a worker ant (4 damage)
             ... in the Ecumenical Temple.
             The game lasted 00:06:10 (1263 turns).

EnegeticOcto the Sneak (Mummy Delver)               Turns: 1263, Time: 00:06:10

Health: 0/16       AC:  3    Str: 15    XL:     1   Next: 50%
Magic:  1/1        EV: 12    Int:  9    God:    Hepliaklqana [......]
Gold:   25         SH:  0    Dex: 13    Spells: 0/0 levels left

rFire    x . .     SeeInvis .   a - +0 spear
rCold    + . .     Faith    .   (no shield)
rNeg     + + +     Spirit   .   b - +0 leather armour
rPois    ∞         Reflect  .   (no helmet)
rElec    .         Harm     .   (no cloak)
rCorr    .                      (no gloves)
MR       .....                  (no boots)
Stlth    ++........             (no amulet)
HPRegen  0.05/turn              (no ring)
MPRegen  0.07/turn              (no ring)

@: no status effects
A: no potions, fire vulnerability, reduced essence, cold resistance 1, negative
energy resistance 3, torment resistance, unbreathing
a: Recall Ancestor, Ancestor Identity, Renounce Religion


You were in the Ecumenical Temple.
You worshipped Hepliaklqana.
Hepliaklqana was noncommittal.
You visited 2 branches of the dungeon, and saw 4 of its levels.

You collected 25 gold pieces.

Inventory:

Hand Weapons
 a - a +0 spear (weapon)
 d - a +0 short sword of flaming
Armour
 b - a +0 leather armour (worn)
Wands
 f - a wand of digging (2) {@v3}


   Skills:
 + Level 3.0 Fighting
 + Level 1.6 Polearms
 + Level 1.6 Dodging
 + Level 4.1 Stealth


You couldn't memorise any spells.
You didn't know any spells.
Your spell library was empty.

Dungeon Overview and Level Annotations

Branches:
Dungeon (6/15)             Temple (1/1) D:4

Altars:
Ashenzari
Dithmenos
Elyvilon
Fedhas
Gozag
Hepliaklqana
Kikubaaqudgha
Qazlal
Sif Muna
Uskayaw
Xom
Yredelemnul

Annotations:
D:4 2 runed translucent doors, ifreund's ghost, novice GnWn
D:5 exclusion: adder


Innate Abilities, Weirdness & Mutations

You do not drink.
Your flesh is vulnerable to fire.
You are immune to poison.
Your flesh is cold resistant. (rC+)
You are immune to negative energy. (rN+++)
You are immune to unholy pain and torment.
You can survive without breathing.
Your life essence is reduced to manifest your ancestor. (-10% HP)


Message History

Found an ancient bone altar of Kikubaaqudgha.
There is an open door here.
There is an open door here.
You open the door.
Found a hazy altar of Hepliaklqana.
There is an open door here.
There is an open door here.
You open the door.
Found a basalt altar of Yredelemnul.
There is an open door here.
There is a hazy altar of Hepliaklqana here.
You kneel at the altar of Hepliaklqana.
Hepliaklqana welcomes you!
Hepliaklqana forms a fragment of your life essence into the memory of your ancestor, Oma!
You can now recall your ancestor.
You can now remember your ancestor's identity.
There is an open door here.
There is an open door here.
There is a staircase back to the Dungeon here.
You climb upwards.
There is a staircase to the Ecumenical Temple here.
As you open the door, it creaks loudly!
You close the door.
You start waiting.
Done waiting.
You start waiting.
Done waiting.
You start waiting.
Done waiting.
You open the door.
There is an open door here.
You swap places.
Found a large runed translucent door.
Found a scroll of teleportation.
You swap places.
Attack whom?
Press: ? - help, Dir - move target cursor, f - worker ant
Aim: a worker ant You reach to attack!
You hit the worker ant but do no damage.
The worker ant misses Oma.
Oma hits the worker ant.
Attack whom?
Press: ? - help, Dir - move target cursor, f/p - worker ant
Aim: a worker ant (lightly wounded)
You reach to attack!
You closely miss the worker ant.
The worker ant is lightly wounded.
The worker ant barely misses Oma.
The worker ant bites Oma.
Oma is destroyed!
Attack whom?
Press: ? - help, Dir - move target cursor, f/p - worker ant
Aim: a worker ant (lightly wounded)
You reach to attack!
You hit the worker ant but do no damage.
The worker ant is lightly wounded.
As you read the scroll labeled NOJUM CAAWN, it crumbles to dust.
It is a scroll of identify.
You don't have any unidentified items.
The worker ant misses you.
You don't know any spells.
The worker ant bites you!
You closely miss the worker ant.
The worker ant is lightly wounded.
The worker ant bites you but does no damage.
You hit the worker ant but do no damage.
The worker ant is lightly wounded.
The worker ant barely misses you.
You hit the worker ant but do no damage.
The worker ant is lightly wounded.
The worker ant bites you.
* * * LOW HITPOINT WARNING * * *
You hit the worker ant.
The worker ant is moderately wounded.
The worker ant completely misses you.
You hit the worker ant but do no damage.
The worker ant is moderately wounded.
The worker ant bites you.
* * * LOW HITPOINT WARNING * * *
The worker ant closely misses you.
A howler monkey comes into view.
Found 16 stones.
Found a stone staircase leading down.
The worker ant closely misses you. The worker ant barely misses you.
You aren't carrying any scrolls.
Unknown command.
There is an open door here.
The worker ant barely misses you.
There is a staircase to the Ecumenical Temple here.
The worker ant closely misses you.
You climb downwards.
Welcome back to the Ecumenical Temple!
There is a staircase back to the Dungeon here.
The worker ant barely misses you.
There is a staircase back to the Dungeon here.
The worker ant bites you but does no damage.
The worker ant bites you.
* * * LOW HITPOINT WARNING * * *
There is an open door here.
The worker ant closely misses you.
Oma emerges from the mists of memory!
The worker ant bites you.
You die...

#.....##.......##.....#
#.._..###.....###.._..#
#.....##.......##.....#
##...'#.........#+...##
#####.....#.....#####
#.....###.....#
#####....#####....#######
..##....#+...+#....##...##
...#...##.....##@..#.....#
_..'...##.._..##a..'.._..#
...#...##.....##...#.....#
..##....#'...+#...R##...##
#####....#####....#######
#.....###.....#
#####...........##
##...'#.........#+
#.....###.....###


You could see the friendly Oma the ancestor and a worker ant.

Vanquished Creatures
  2 leopard geckos (D:4)
2 creatures vanquished.

Vanquished Creatures (others)
  An ancestor (D:4)
1 creature vanquished.

Grand Total: 3 creatures vanquished

Notes
Turn   | Place    | Note
-------+----------+-------------------------------------------
     0 | D:5      | EnegeticOcto the Mummy Delver began the quest for the Orb.
     0 | D:5      | Reached XP level 1. HP: 18/18 MP: 1/1
    10 | D:6      | Noticed an ogre
   347 | D:4      | Noticed an orc wizard
   347 | D:4      | Noticed an orc wizard
   504 | D:4      | Noticed a worker ant
   535 | D:4      | Noticed a hound
   542 | D:4      | Found a staircase to the Ecumenical Temple.
   549 | Temple   | Entered the Ecumenical Temple
   852 | Temple   | Became a worshipper of Hepliaklqana the Forgotten
  1199 | D:4      | Found a large runed translucent door.
  1199 | D:4      | Found a large runed translucent door.
  1201 | D:4      | Noticed ifreund's ghost (novice GnWn)
  1231 | D:4      | Noticed a howler monkey
  1263 | Temple   | Slain by a worker ant

Illustrated notes

Levels and vault maps discovered:
D:4:      minmay_skewed_foursquare, layout_loops_ring,
          minmay_temple_entry_enclosed_plants, ebering_ghost_disaster_area,
          uniq_crazy_yiuf_cottage
D:5:      layout_loops_ring, nicolae_overflow_hidden_temple
D:6:      layout_basic, glass_columns_a, nicolae_dithmenos_the_darkroom
Temple:   nicolae_temple_figure_eight

Action                   || total
-------------------------++-------
Melee: Spear             ||    33
Evoke: Wand              ||     1
  Use: Scroll            ||     6
Armor: Leather armour    ||     3
Dodge: Dodged            ||    21

Table legend: (Time is in decaauts)
 A = Elapsed time spent in this place.
 B = Non-inter-level travel time spent in this place.
 C = Inter-level travel time spent in this place.
 D = Time resting spent in this place.
 E = Time spent auto-exploring this place.
 F = Levels seen in this place.
 G = Mean time per level.
                   A        B        C        D        E       F      G
               +--------+--------+--------+--------+--------+-----+--------+
         Total |   1263 |   1234 |     29 |    774 |    135 |   4 |  315.8 |
       Dungeon |    914 |    914 |      0 |    623 |      0 |   3 |  304.7 |
        Temple |    349 |    320 |     29 |    151 |    135 |   1 |  349.0 |
               +--------+--------+--------+--------+--------+-----+--------+

Top non-repeatable levels by time:
     D:4: 868 daAuts
  Temple: 349 daAuts
     D:5: 43 daAuts
     D:6: 2 daAuts
